 Dungeon Crawl Stone Soup version 0.28-a0-1412-gf95308ed99 (webtiles) character file.

Game seed: 8098484297691240142

28 Cheeritup the Caller (level 3, -2/19 HPs)
             Began as a Tengu Summoner on Jan 7, 2022.
             Was a Follower of Qazlal.
             Slain by a jackal (3 damage)
             ... on level 1 of the Dungeon.
             The game lasted 00:03:24 (1971 turns).

Cheeritup the Caller (Tengu Summoner)               Turns: 1971, Time: 00:03:25

Health: -2/19      AC:  2    Str: 10    XL:     3   Next: 14%
Magic:  5/7        EV: 12    Int: 15    God:    Qazlal [*.....]
Gold:   42         SH:  1    Dex: 14    Spells: 5/6 levels left

rFire   . . .      SeeInvis .   c - +0 short sword
rCold   . . .      Faith    .   (no shield)
rNeg    . . .      Spirit   .   a - +0 robe
rPois   .          Reflect  .   (helmet restricted)
rElec   .          Harm     .   (no cloak)
rCorr   .          Rampage  .   (no gloves)
Will    .....                   (boots unavailable)
Stlth   ++........              (no amulet)
HPRegen 0.06/turn               (no ring)
MPRegen 0.10/turn               (no ring)

@: no status effects
A: beak, talons 3
a: Renounce Religion


You were on level 1 of the Dungeon.
You worshipped Qazlal.
Qazlal was aware of your devotion.
You visited 1 branch of the dungeon, and saw 1 of its levels.

You collected 42 gold pieces.

Inventory:

Hand Weapons
 c - a +0 short sword (weapon)
 h - a +0 hunting sling
Missiles
 b - 6 javelins
 d - 20 poisoned darts
 i - 74 stones
Armour
 a - a +0 robe (worn)
 j - an orb of mayhem
Scrolls
 g - 2 scrolls of enchant armour {unknown}
Potions
 e - 2 potions of curing {unknown}
 f - 2 potions of brilliance {unknown}


   Skills:
 - Level 2.1 Dodging
 - Level 2.0 Stealth
 - Level 2.0 Spellcasting
 + Level 6.0 Summonings


You had 5 spell levels left.
You knew the following spells:

 Your Spells              Type           Power      Damage    Failure   Level
a - Summon Small Mammal   Summ           76%        N/A       1%          1

Your spell library contained the following spells:

 Spells                   Type           Power      Damage    Failure   Level
 Call Imp                 Summ           19%        N/A       2%          2
 Call Canine Familiar     Summ           19%        N/A       5%          3
 Summon Guardian Golem    Hex/Summ       10%        N/A       19%         3
 Summon Lightning Spire   Summ/Air       10%        N/A       54%         4


Dungeon Overview and Level Annotations

Branches:
Dungeon (1/15)

Altars:
Qazlal


Innate Abilities, Weirdness & Mutations

You have a beak for a mouth.
You have claws for feet.


Message History

Qazlal accepts your kill. The jackal barely misses you.
The jackal bites you but does no damage.
The jackal closely misses you.
You are too injured to fight recklessly!
Casting: Summon Small Mammal (safe; 1% risk of failure)
Press: ? - help, Q - select action, (/) - cycle Dir - look around, f - activate The jackal barely misses you.
You closely miss the jackal. Your peck misses the jackal.
The jackal barely misses you.
Your quokka is engulfed in blazing flames.
You kill your quokka!
Your quokka's corpse disappears in a puff of smoke!
The jackal closely misses you.
You hit the jackal but do no damage. The jackal bites you.
* * * LOW HITPOINT WARNING * * *
You barely miss the jackal. Your kick misses the jackal.
Your peck misses the jackal. The jackal barely misses you. x2
Casting: Summon Small Mammal (safe; 1% risk of failure)
Press: ? - help, Q - select action, (/) - cycle Dir - look around, f - activate The jackal bites you.
* * * LOW HITPOINT WARNING * * *
You swap places.
Your bat hits the jackal.
Casting: Summon Small Mammal (safe; 1% risk of failure)
Press: ? - help, Q - select action, (/) - cycle Dir - look around, f - activate The jackal bites you.
* * * LOW HITPOINT WARNING * * *
Your bat barely misses the jackal.
The jackal closely misses you.
Your bat hits the jackal but does no damage.
Your bat barely misses the jackal.
The jackal barely misses you.
There is an open door here.
Your quokka barely misses the jackal.
Clearing level map.
You hit the jackal.
The jackal is heavily wounded.
The jackal bites you.
* * * LOW HITPOINT WARNING * * *
The jackal bites you.
You die...

.##......⌠....#.####.# #.#
#####.........#......# #.#
#####.......##..##### #.#######
#.#.###...###....## ##.......#
##....######.......####....###.#
.........'.........'......>#
#.....####.........####....#
#..#..# ##.......## ##...#
#..##.# ##....@## #......
#..##.# ##.>h## #.#####
#..##.#### ##r## #.# #..##....#
#b# #.# #.....##.# #.# #.#
##.#####.# ###b##### #.# #^#
#.†.....# #.#####_##......#.#
#.....###.......#


You could see a jackal (ally target), a friendly quokka (summoned) and a
friendly bat (summoned).

Vanquished Creatures
  A ball python (D:1)
  2 endoplasms (D:1)
  2 giant cockroaches (D:1)
  A goblin (D:1)
  5 hobgoblins (D:1)
  2 jackals (D:1)
  2 kobolds (D:1)
  2 quokkas (D:1)
  2 bats (D:1)
  4 rats (D:1)
23 creatures vanquished.

Vanquished Creatures (collateral kills)
  A kobold (D:1)
1 creature vanquished.

Grand Total: 24 creatures vanquished

Notes
Turn   | Place    | Note
-------+----------+-------------------------------------------
     0 | D:1      | Cheeritup the Tengu Summoner began the quest for the Orb.
     0 | D:1      | Reached XP level 1. HP: 10/10 MP: 4/4
    86 | D:1      | Reached skill level 5 in Summonings
   619 | D:1      | Reached XP level 2. HP: 8/15 MP: 6/6
  1815 | D:1      | Reached XP level 3. HP: 19/19 MP: 7/7
  1902 | D:1      | Found a faded altar of an unknown god.
  1907 | D:1      | Prayed at the altar of an unknown god.
  1907 | D:1      | Became a worshipper of Qazlal Stormbringer
  1907 | D:1      | Reached * piety under Qazlal
  1948 | D:1      | Reached skill level 6 in Summonings
  1971 | D:1      | Slain by a jackal

Illustrated notes

Levels and vault maps discovered:
D:1:      dpeg_arrival_three_same_balls, layout_loops_corners,
          hellmonk_ecumenical_altar_leap_of_faith, minmay_tromino_mix6

Skill      XL: |  1  2  3 |
---------------+----------+-----
Summonings     | 5 6 |  6.0
Dodging        | |  2.1
Stealth        | |  2.0
Spellcasting   | |  2.0

Action                   || total
-------------------------++-------
Melee: Unarmed           ||    13
       Short sword       ||    74
       Kick              ||    17
       Peck              ||    11
       Punch             ||     1
 Cast: Summon Small Mamm ||     7
 Stab: Sleeping          ||     5
Armor: Robe              ||    21
Dodge: Dodged            ||    76
Block: Other             ||     2

Table legend: (Time is in decaauts)
 A = Elapsed time spent in this place.
 B = Non-inter-level travel time spent in this place.
 C = Inter-level travel time spent in this place.
 D = Time resting spent in this place.
 E = Time spent auto-exploring this place.
 F = Levels seen in this place.
 G = Mean time per level.
                   A        B        C        D        E       F      G
               +--------+--------+--------+--------+--------+-----+--------+
         Total |   1977 |   1891 |     86 |    769 |    837 |   1 | 1977.0 |
       Dungeon |   1977 |   1891 |     86 |    769 |    837 |   1 | 1977.0 |
               +--------+--------+--------+--------+--------+-----+--------+

Top non-repeatable levels by time:
     D:1: 1977 daAuts
